 Dungeon Crawl Stone Soup version 0.27-a0-1200-g94dc6ad4cf (webtiles) character file.

Game seed: 12757918234670981538

487 freelancePsychic the Ogre Mage (level 7, -10/72 HPs)
             Began as an Ogre Fire Elementalist on June 1, 2021.
             Killed by divine providence
             ... invoked by an orc priest
              (14 damage)
             ... on level 6 of the Dungeon.
             The game lasted 00:08:05 (3566 turns).

freelancePsychic the Ogre Mage (OgFE)               Turns: 3566, Time: 00:08:05

Health: -10/72     AC:  3    Str: 13    XL:     7   Next: 13%
Magic:  3/14       EV: 10    Int: 18    God:
Gold:   142        SH:  5    Dex:  9    Spells: 11/16 levels left

rFire    . . .     SeeInvis .   g - +0 hand axe (flame)
rCold    . . .     Faith    .   (no shield)
rNeg     . . .     Spirit   .   a - +0 robe
rPois    .         Reflect  +   (helmet restricted)
rElec    .         Harm     .   (no cloak)
rCorr    .         Rampage  .   (gloves unavailable)
Will     .....                  (boots unavailable)
Stlth    +.........             b - amulet of reflection
HPRegen  0.22/turn              (no ring)
MPRegen  0.14/turn              (no ring)

@: brilliant, very slightly contaminated
A: large, unfitting armour, tough skin 1
a: no special abilities


You were on level 6 of the Dungeon.
You visited 1 branch of the dungeon, and saw 5 of its levels.

You collected 142 gold pieces.

Inventory:

Hand Weapons
 g - a +0 hand axe of flaming (weapon)
Missiles
 e - 6 atropa-tipped darts
Armour
 a - a +0 robe (worn)
Jewellery
 b - an amulet of reflection (around neck)
Wands
 d - a wand of iceblast (6)
Potions
 c - a potion of curing {@q1}
 h - a potion of heal wounds {unknown}


   Skills:
 - Level 5.0 Fighting
 + Level 2.1 Dodging
 - Level 1.4 Stealth
 + Level 5.1 Spellcasting
 - Level 3.1 Conjurations
 + Level 3.4 Fire Magic


You had 11 spell levels left.
You knew the following spells:

 Your Spells              Type           Power      Damage    Failure   Level
a - Foxfire               Conj/Fire      96%        2x1d8     3%          1
b - Sticky Flame          Conj/Fire      24%        2d5       34%         4

Your spell library contained the following spells:

 Spells                   Type           Power      Damage    Failure   Level
 Conjure Flame            Conj/Fire      24%        6-21      11%         3
 Beastly Appendage        Tmut           12%        N/A       13%         1
 Wereblood                Tmut           6%         N/A       21%         2
 Inner Flame              Hex/Fire       16%        N/A       21%         3
 Spider Form              Tmut/Pois      3%         N/A       36%         3
 Fireball                 Conj/Fire      12%        3d7       67%         5
 Ice Form                 Ice/Tmut       6%         N/A       78%         4
 Hydra Form               Tmut           3%         N/A       98%         5


Dungeon Overview and Level Annotations

Branches:
Dungeon (7/15)
 Temple: D:4-7

Altars:
Uskayaw

Shops:
D:1 *   D:2 ?


Innate Abilities, Weirdness & Mutations

You are too large for most types of armour.
You have tough skin. (AC +1)


Message History

The orc is lightly wounded.
The orc priest casts a cantrip, but nothing happens.
You aren't carrying any scrolls.
You feel clever all of a sudden.
The orc priest invokes the aid of Beogh against you.
Beogh smites you!
* * * LOW HITPOINT WARNING * * *
The orc barely misses you.
Casting: Foxfire (safe; 3% risk of failure)
Confirm with . or Enter, or press ? or * to list all spells.
You feel a surge of power!
You conjure some foxfire!
The orc priest invokes the aid of Beogh against you.
Beogh smites you!
* * * LOW HITPOINT WARNING * * *
The orc hits you but does no damage.
The orc hits your foxfire with a +0 hand axe.
Casting: Foxfire (safe; 3% risk of failure)
Confirm with . or Enter, or press ? or * to list all spells.
You feel a surge of power!
You conjure some foxfire!
The foxfire hits the orc.
The orc is moderately wounded.
The foxfire hits the orc.
You kill the orc!
The orc priest hits you with a +0 hand axe.
* * * LOW HITPOINT WARNING * * *
Casting: Foxfire (safe; 3% risk of failure)
Confirm with . or Enter, or press ? or * to list all spells.
You feel a surge of power!
You conjure some foxfire!
The orc priest begins to cast a cantrip, but forgets the words!
Casting: Foxfire (safe; 3% risk of failure)
Confirm with . or Enter, or press ? or * to list all spells.
You feel a surge of power!
There is not enough space to conjure foxfire!
Your foxfire dissipates!
The foxfire hits the orc priest but does no damage. x2
Casting: Foxfire (safe; 3% risk of failure)
Confirm with . or Enter, or press ? or * to list all spells.
You feel a surge of power!
You conjure some foxfire!
The orc priest mumbles some strange prayers to Beogh against you.
Beogh smites you!
You die...

...........##.#
#####....####...##.#
#...#......##..##..#
####.....c# .....###.##
#.........#..#...##..####
#....##......#...#.......
#..#.....................
## ###)####..............
#..v@oo..##).........
#..v§o)..##..........
####.....#...#[......
##.......##.......
###......#.......
#.....###......
##.....#.......
##..........>÷
##...........


You could see 2 orc priests and an orc wizard.

Vanquished Creatures
  A sky beast (D:6)
  A centaur (D:6)
  A kobold brigand (D:6)
  A water moccasin zombie (D:6)
  A howler monkey (D:6)
  A hound skeleton (D:2)
  3 adders
  A shadow imp (D:6)
  2 white imps (D:6)
  3 worms
  2 dart slugs
  4 orcs
  4 bats
  5 endoplasms
  2 giant cockroaches
  7 goblins
  4 hobgoblins
  8 jackals
  3 kobolds
  A quokka (D:1)
  7 ball pythons
  5 frilled lizards
  8 rats
75 creatures vanquished.

Vanquished Creatures (others)
  A kobold (D:3)
  2 bushes (D:6)
  261 foxfires
  12 plants (D:6)
276 creatures vanquished.

Grand Total: 351 creatures vanquished

Notes
Turn   | Place    | Note
-------+----------+-------------------------------------------
     0 | D:1      | freelancePsychic the Ogre Fire Elementalist began the quest
                  | for the Orb.
     0 | D:1      | Reached XP level 1. HP: 16/16 MP: 3/3
    68 | D:1      | Reached skill level 1 in Conjurations
   199 | D:1      | Reached skill level 1 in Fighting
   199 | D:1      | Reached XP level 2. HP: 27/27 MP: 1/5
   547 | D:1      | Reached XP level 3. HP: 35/35 MP: 0/7
   986 | D:1      | Found Courr's General Store.
  1294 | D:2      | Found Qofrukhlo's Magic Scroll Boutique.
  1579 | D:2      | Reached XP level 4. HP: 27/44 MP: 5/9
  2270 | D:2      | Found a faded altar of an unknown god.
  2569 | D:3      | Reached XP level 5. HP: 40/53 MP: 7/10
  2652 | D:3      | You fall into a shaft and drop 3 floors!
  2652 | D:6      | Noticed a kobold brigand
  2676 | D:6      | Killed a kobold brigand
  2685 | D:6      | Reached XP level 6. HP: 8/62 MP: 3/12
  2945 | D:6      | Learned a level 4 spell: Sticky Flame
  2946 | D:6      | Found a hide-covered altar of Uskayaw.
  3363 | D:6      | Noticed a sky beast
  3371 | D:6      | Killed a sky beast
  3500 | D:6      | Reached skill level 5 in Fighting
  3549 | D:6      | Reached skill level 5 in Spellcasting
  3549 | D:6      | Reached XP level 7. HP: 42/72 MP: 8/14
  3566 | D:6      | Killed from afar by an orc priest

Illustrated notes

Levels and vault maps discovered:
D:1:      amcnicky_arrival_abandoned_market, layout_rooms, serial_shops, shop,
          minmay_misc_feat_rows
D:2:      layout_rooms, shapermc_ecumenical_altar_gd, serial_corexii_hall,
          chequers_hall_statues_corner_a, corexii_hall_statues_x, serial_shops,
          shop
D:3:      layout_loops_ring, minmay_stone_trees_medium
D:6:      layout_cave_pools, fedhas_altar_decomposition, amcnicky_altar_gilded,
          jmf_multi_god_temple, serial_shops, shop
D:7:      layout_loops_ring, general_overflow_altar, temple_hall,
          minmay_misc_feat_nine_boxes, minmay_misc_feat_iff

Skill      XL: |  1  2  3  4  5  6 |
---------------+-------------------+-----
Conjurations   | 1 2 3 |  3.1
Fighting       | 1 2 3 4 5 |  5.0
Spellcasting   | 3 4 5 |  5.1
Fire Magic     | 3 |  3.4
Dodging        | 2 |  2.1
Stealth        | |  1.4

Action                   |  1- 3 |  4- 6 |  7- 9 || total
-------------------------+-------+-------+-------++-------
Melee: Unarmed           |    57 |       |       ||    57
       Hand axe          |       |    23 |       ||    23
 Cast: Foxfire           |    65 |    85 |     7 ||   157
  Use: Scroll            |       |     4 |       ||     4
       Potion            |       |     1 |     1 ||     2
 Stab: Sleeping          |     1 |     1 |       ||     2
Armor: Robe              |    28 |    11 |     1 ||    40
Dodge: Dodged            |    41 |    21 |     2 ||    64
Block: Other             |       |    17 |       ||    17
       Reflection        |       |     4 |       ||     4

Table legend: (Time is in decaauts)
 A = Elapsed time spent in this place.
 B = Non-inter-level travel time spent in this place.
 C = Inter-level travel time spent in this place.
 D = Time resting spent in this place.
 E = Time spent auto-exploring this place.
 F = Levels seen in this place.
 G = Mean time per level.
                   A        B        C        D        E       F      G
               +--------+--------+--------+--------+--------+-----+--------+
         Total |   3577 |   3493 |     84 |    878 |   1898 |   5 |  715.4 |
       Dungeon |   3577 |   3493 |     84 |    878 |   1898 |   5 |  715.4 |
               +--------+--------+--------+--------+--------+-----+--------+

Top non-repeatable levels by time:
     D:2: 1262 daAuts
     D:1: 1241 daAuts
     D:6: 490 daAuts
     D:7: 425 daAuts
     D:3: 156 daAuts
